 Dungeon Crawl Stone Soup version 0.22-a0-369-gc73351f (webtiles) character file.

67 Amnesiac the Magician (level 3, -14/27 HPs)
             Began as a Mummy Wizard on Apr 24, 2018.
             Demolished by an ogre
             ... wielding a cursed -2 giant club
              (23 damage)
             ... on level 5 of the Dungeon.
             The game lasted 00:02:28 (1352 turns).

Amnesiac the Magician (Mummy Wizard)                Turns: 1352, Time: 00:02:29

Health: -14/27     AC:  4    Str: 10    XL:     3   Next: 98%
Magic:  2/8        EV: 12    Int: 18    God:
Gold:   12         SH:  0    Dex: 10    Spells: 1/10 levels left

rFire    x . .     SeeInvis .   (no weapon)
rCold    + . .     Gourm    .   (no shield)
rNeg     + + +     Faith    .   a - +0 robe
rPois    ∞         Spirit   .   b - +1 hat
rElec    .         Reflect  .   (no cloak)
rCorr    .         Harm     .   c - +0 pair of gloves
MR       .....                  (no boots)
Stlth    ++........             (no amulet)
HPRegen  0.09/turn              (no ring)
MPRegen  0.11/turn              (no ring)

@: no status effects
A: no food or potions, fire vulnerability, cold resistance 1, negative energy
resistance 3, torment resistance, unbreathing
a: no special abilities


You were on level 5 of the Dungeon.
You were not hungry.

You visited 1 branch of the dungeon, and saw 5 of its levels.

You collected 12 gold pieces.

Inventory:

Armour
 a - a +0 robe (worn)
 b - a +1 hat (worn)
 c - a +0 pair of gloves (worn)
 d - the +18 shield of the Gong {rElec rN+ MR+ EV-5}
   (You found it on level 5 of the Dungeon)

   It affects your evasion (-5).
   It insulates you from electricity.
   It protects you from negative energy.
   It affects your resistance to hostile enchantments.
Scrolls
 e - 3 scrolls of remove curse {!r}


   Skills:
 + Level 1.9 Fighting
 * Level 3.0 Dodging
 - Level 1.5 Stealth
 - Level 4.0 Spellcasting
 - Level 0.7 Conjurations
 - Level 0.7 Summonings
   Level 0.7 Translocations


You had one spell level left.
You knew the following spells:

 Your Spells              Type           Power        Failure   Level  Hunger
a - Magic Dart            Conj           #...         11%         1    N/A
b - Call Imp              Summ           #.......     17%         2    N/A
e - Mephitic Cloud        Conj/Pois/Air  #.......     38%         3    N/A
s - Conjure Flame         Conj/Fire      #.......     36%         3    N/A

Dungeon Overview and Level Annotations

Branches:
Dungeon (5/15)
 Temple: D:4-7

Altars:
Nemelex Xobeh

Annotations:
D:5 Dowan; Duvessa; VDreamerV's ghost, novice FoFi


Innate Abilities, Weirdness & Mutations

You do not eat or drink.
Your flesh is vulnerable to fire.
You are immune to poison.
Your flesh is cold resistant. (rC+)
You are immune to negative energy. (rN+++)
You are immune to unholy pain and torment.
You can survive without breathing.


Message History

A jackal comes into view.
The howler monkey barely misses your crimson imp.
The howler monkey closely misses your crimson imp.
The howler monkey completely misses your crimson imp.
Your crimson imp blinks!
The howler monkey hoots and howls with incredible vigour!
You swap places.
There is a stone staircase leading down here.
The jackal bites your crimson imp but does no damage.
The howler monkey hits your crimson imp!
The jackal barely misses your crimson imp.
You climb downwards.
Your summoned ally is left behind.
An iguana, a jackal, a crimson imp, Duvessa and Dowan come into view.
Dowan is wielding a vampiric dagger.
The jackal barks!
The iguana hisses angrily.
The crimson imp shouts!
Duvessa drinks a potion.
Duvessa suddenly seems more resistant.
Found two items.
Found a stone staircase leading down.
There is a stone staircase leading up here.
Dowan hisses, "Insulting my beauty only makes me fight harder!"
A jackal and a hound come into view.
You see here the +18 shield of the Gong {rElec rN+ MR+ EV-5}.
d - the +18 shield of the Gong {rElec rN+ MR+ EV-5} The iguana barely misses you.
Duvessa says, "Where magic fails, the sword succeeds!"
Dowan mumbles some strange words.
Dowan blinks!
The iguana bites you.
A jackal comes into view.
There is a stone staircase leading up here.
The jackal barks!
The jackal barely misses you.
Dowan mumbles some strange words.
Dowan blinks!
The iguana bites you!
The crimson imp shouts, "Slither away, thou mangled fly-bitten wastrel!"
The jackal barely misses you.
The crimson imp blinks!
The jackal barks!
You climb upwards.
The jackal barely misses you. The jackal closely misses you.
There is a stone staircase leading down here.
Okay, then.
The jackal bites you but does no damage.
The jackal closely misses you.
You climb downwards.
Level annotation: Dowan; Duvessa; VDreamerV's ghost, novice FoFi Duvessa hits you with a rapier.
* * * LOW HITPOINT WARNING * * *
The crimson imp hits you but does no damage.
Dowan gestures wildly while chanting.
Dowan blinks!
There is a stone staircase leading up here.
The jackal misses you. The crimson imp hits you.
* * * LOW HITPOINT WARNING * * *
The jackal bites you but does no damage.
The crimson imp hits you but does no damage.
The crimson imp hits you but does no damage.
The jackal bites you but does no damage.
The crimson imp blinks!
Your magical contamination has completely faded away.
The crimson imp blinks!
The jackal closely misses you.
The crimson imp blinks!
The jackal barely misses you. The crimson imp hits you.
* * * LOW HITPOINT WARNING * * *
The jackal closely misses you. The jackal barely misses you.
The ogre hits you with a giant club!!
Ouch! That really hurt!
You die...

..... ..... ......
#.......#
###########.......# #
#.........(.......# ..
#.......hh........#
#..###........@#.......#
#..........ehh.O.......#
##...........5.#.......#
...........W...#<......#
.###..<.....?.#########
................#
.........5#####....
#...#....... ....
##..........# #####


You could see Duvessa, an ogre, VDreamerV's ghost, 2 crimson imps and 4 jackals.

Vanquished Creatures
  An adder (D:4)
  An ooze (D:1)
  A ball python (D:3)
  3 bats
  2 giant cockroaches (D:3)
  5 goblins
  A hobgoblin (D:3)
  A jackal (D:1)
  A kobold (D:1)
  A frilled lizard (D:2)
  A leopard gecko skeleton (D:4)
  2 rats
20 creatures vanquished.

Vanquished Creatures (collateral kills)
  An orc priest (D:3)
  2 adders
  3 orcs (D:3)
  A hobgoblin (D:3)
  3 jackals (D:1)
10 creatures vanquished.

Grand Total: 30 creatures vanquished

Notes
Turn   | Place    | Note
-------+----------+-------------------------------------------
     0 | D:1      | Amnesiac the Mummy Wizard began the quest for the Orb.
     0 | D:1      | Reached XP level 1. HP: 13/13 MP: 5/5
   250 | D:1      | Reached XP level 2. HP: 20/20 MP: 1/7
   254 | D:1      | Learned a level 2 spell: Call Imp
   347 | D:1      | Reached skill level 1 in Fighting
   696 | D:3      | Reached XP level 3. HP: 26/26 MP: 2/8
   735 | D:3      | Learned a level 3 spell: Conjure Flame
   739 | D:3      | Learned a level 3 spell: Mephitic Cloud
   875 | D:3      | Found a sparkling altar of Nemelex Xobeh.
  1011 | D:5      | Entered Level 5 of the Dungeon
  1011 | D:5      | Noticed an ogre
  1338 | D:5      | Found the +18 shield of the Gong {rElec rN+ MR+ EV-5}
  1338 | D:5      | Noticed Duvessa
  1338 | D:5      | Noticed Dowan
  1343 | D:5      | Noticed VDreamerV's ghost (novice FoFi)
  1352 | D:5      | Demolished by an ogre

Vault maps used:
D:1:      lightli_arrival_quake
D:2:      supply_closet_lemuel
D:3:      old_standard_altar, first_ration, uniq_robin
D:4:      lemuel_doored_altar, overflow_temple_1_default
D:5:      uniq_duvessa, uniq_menkaure

Skill      XL: |  1  2  3 |
---------------+----------+-----
Dodging        | 2 3 |  3.0
Fighting       | 1 |  1.9
Stealth        | |  1.5
Spellcasting   | |  4.0
Conjurations   | |  0.7
Summonings     | |  0.7
Translocations | |  0.7

Action                   || total
-------------------------++-------
Melee: Unarmed           ||     5
 Cast: Magic Dart        ||    54
       Call Imp          ||    11
  Use: Scroll            ||     4
Armor: Robe              ||    15
Dodge: Dodged            ||    37

Table legend:
 A = Spawn XP
 B = Non-spawn XP
 C = Spawn XP percentage of total XP
 D = Spawn monster count
 E = Non-spawn monster count
 F = Spawn count percentage of total count
 G = Total turns spent on level
                    A         B        C        D         E        F      G
               +---------+---------+-------+---------+---------+-------+---------
         Total |       0 |      96 |   0.0 |       0 |      30 |   0.0 |  1352
               +---------+---------+-------+---------+---------+-------+---------
           D:1 |       0 |      21 |   0.0 |       0 |      10 |   0.0 |   519
           D:2 |       0 |       1 |   0.0 |       0 |       1 |   0.0 |   131
           D:3 |       0 |      53 |   0.0 |       0 |      16 |   0.0 |   345
           D:4 |       0 |      21 |   0.0 |       0 |       3 |   0.0 |   343
               +---------+---------+-------+---------+---------+-------+---------
